 Dungeon Crawl Stone Soup version 0.27.1-33-g824d729ab1 (webtiles) character file.

Game seed: 4973474264554838944

235 pkoi the Insei (level 5, -1/45 HPs)
             Began as a Draconian Monk on Dec 5, 2021.
             Succumbed to a scorpion's poison
             ... on level 3 of the Dungeon.
             The game lasted 00:03:03 (3812 turns).

pkoi the Insei (Draconian Monk)                     Turns: 3812, Time: 00:03:04

Health: -1/45      AC:  6    Str: 13    XL:     5   Next: 76%
Magic:  5/5        EV: 12    Int: 12    God:
Gold:   65         SH:  0    Dex: 13    Spells: 4/4 levels left

rFire    + . .     SeeInvis .     - Unarmed
rCold    . . .     Faith    .   (no shield)
rNeg     . . .     Spirit   .   (armour unavailable)
rPois    .         Reflect  .   (helmet restricted)
rElec    .         Harm     .   (no cloak)
rCorr    .         Rampage  .   b - +0 pair of gloves
Will     .....                  (no boots)
Stlth    ++........             (no amulet)
HPRegen  0.15/turn              f - ring of protection from fire
MPRegen  0.09/turn              (no ring)

@: lethally poisoned (-1 -> -12)
A: AC +5, unfitting armour, cold-blooded
a: no special abilities


You were on level 3 of the Dungeon.
You visited 1 branch of the dungeon, and saw 4 of its levels.

You collected 65 gold pieces.

Inventory:

Hand Weapons
 g - a +2 vampiric short sword
Armour
 b - a +0 pair of gloves (worn)
Jewellery
 f - a ring of protection from fire (left hand)
Scrolls
 c - a scroll of enchant armour
 h - a scroll of amnesia
Potions
 a - a potion of attraction {unknown}
 d - a potion of curing
 e - a potion of heal wounds {unknown}


   Skills:
 - Level 3.2 Fighting
 - Level 2.6 Dodging
 - Level 1.7 Stealth
 + Level 6.5 Unarmed Combat


You had 4 spell levels left.
You didn't know any spells.
Your spell library was empty.

Dungeon Overview and Level Annotations

Branches:
Dungeon (4/15)
 Temple: D:4-7

Altars:


Innate Abilities, Weirdness & Mutations

Your plain brown scales are hard. (AC +5)
You cannot fit into any form of body armour.
You are cold-blooded and may be slowed by cold attacks.


Message History

* * * LOW HITPOINT WARNING * * *
You are lethally poisoned!
The scorpion poisons you!
The scorpion stings you but does no damage.
You feel better. The scorpion misses you.
You hit the scorpion.
Your tail-slap misses the scorpion.
The scorpion is lightly wounded.
The scorpion stings you but does no damage.
You barely miss the scorpion.
The scorpion is lightly wounded.
The iguana bites you.
* * * LOW HITPOINT WARNING * * *
The scorpion closely misses you.
You hit the scorpion but do no damage.
The scorpion is lightly wounded.
The scorpion closely misses you. The iguana closely misses you.
You hit the scorpion.
The scorpion is lightly wounded.
The scorpion barely misses you. The iguana misses you.
Unknown command.
The scorpion stings you but does no damage.
The scorpion stings you.
* * * LOW HITPOINT WARNING * * *
The scorpion closely misses you.
There is a stone staircase leading up, spattered with blood here.
The scorpion barely misses you.
The iguana hisses menacingly.
The iguana barely misses you.
You climb upwards.
There is a stone staircase leading down here.
The iguana bites you!
* * * LOW HITPOINT WARNING * * *
The scorpion stings you but does no damage.
The scorpion stings you.
* * * LOW HITPOINT WARNING * * *
You are lethally poisoned!
The scorpion poisons you!
* * * LOW HITPOINT WARNING * * *
You feel very sick.
You die...

#............# #............##.
###..........# #...####.....##.
#.##...##..# ##.## #......#.
#.##..###..# ##.# ###...##.
#.##...##..# #..# #......
#.##.#.##..# #.## #..###.
#.##.#.##..# #.# #......
#.......<..#####.### ##'####
####.......##.@.s..# ##...##
#####.######.##l#.#####.....##
##.###.# #.#.......#.......#
###...##.######.#....##..........
)....รท...........................
###......######.#....##..........
##.##.## #.#....##.#.>.....#
####.# #.#.#..##.##.....## #.#
#.........###...##


You could see a scorpion and an iguana.

Vanquished Creatures
  A scorpion (D:4)
  Jessica (D:2)
  Ijyb (D:3)
  6 adders
  A worm (D:3)
  2 dart slugs (D:3)
  An orc (D:3)
  3 ball pythons
  8 bats
  4 endoplasms
  2 giant cockroaches
  3 goblins
  9 jackals (D:2)
  8 kobolds
  6 quokkas
  A frilled lizard (D:3)
  6 rats
63 creatures vanquished.

Vanquished Creatures (others)
  A withered plant (D:1)
1 creature vanquished.

Grand Total: 64 creatures vanquished

Notes
Turn   | Place    | Note
-------+----------+-------------------------------------------
     0 | D:1      | pkoi the Draconian Monk began the quest for the Orb.
     0 | D:1      | Reached XP level 1. HP: 19/19 MP: 1/1
   137 | D:1      | Reached XP level 2. HP: 18/26 MP: 2/2
   351 | D:1      | You fall into a shaft and drop 1 floor!
   692 | D:2      | Reached skill level 4 in Unarmed Combat
   829 | D:1      | Reached XP level 3. HP: 31/31 MP: 3/3
   910 | D:1      | Found a faded altar of an unknown god.
  1575 | D:2      | Noticed Jessica
  1585 | D:2      | Killed Jessica
  1586 | D:2      | Reached skill level 5 in Unarmed Combat
  1586 | D:2      | Reached XP level 4. HP: 34/38 MP: 4/4
  2505 | D:3      | Noticed Ijyb
  2510 | D:3      | Paralysed by Ijyb for 3 turns
  2516 | D:3      | Paralysed by Ijyb for 4 turns
  2531 | D:3      | Paralysed by Ijyb for 5 turns
  2548 | D:3      | Paralysed by Ijyb for 3 turns
  2564 | D:3      | Killed Ijyb
  2565 | D:3      | Reached XP level 5. HP: 21/45 MP: 5/5
  3262 | D:3      | Reached skill level 6 in Unarmed Combat
  3779 | D:4      | Identified the +1 leather armour of Midsummer {rN+}
  3811 | D:3      | HP: 2/45 [poisoned by a scorpion]
  3812 | D:3      | Succumbed to a scorpion's poison

Illustrated notes

Levels and vault maps discovered:
D:1:      minmay_arrival_five_plusses, layout_loops_ring,
          ebering_ecumenical_altar_petrified
D:2:      layout_basic, chequers_arboretum, hangedman_abyss_or_decor_stabs,
          uniq_jessica
D:3:      layout_loops_corners, uniq_ijyb
D:4:      layout_rooms, uniq_eustachio, uniq_blork_the_orc

Skill      XL: |  1  2  3  4  5 |
---------------+----------------+-----
Unarmed Combat | 4 5 6 |  6.5
Fighting       | |  3.2
Dodging        | |  2.6
Stealth        | |  1.7

Action                   |  1- 3 |  4- 6 || total
-------------------------+-------+-------++-------
Melee: Unarmed           |   101 |    79 ||   180
       Tailslap          |    12 |    15 ||    27
       Punch             |     3 |     3 ||     6
       Short sword       |     5 |    42 ||    47
  Use: Potion            |       |     5 ||     5
       Scroll            |       |     3 ||     3
 Stab: Sleeping          |     5 |     7 ||    12
Armor: Skin              |    44 |    34 ||    78
Dodge: Dodged            |    75 |    78 ||   153
